 Dungeon Crawl Stone Soup version 0.26.0-16-gc1dbca0489 (webtiles) character file.

Game seed: 15532109229433435388

385 112233 the Twirler (level 6, -2/38 (43) HPs)
             Began as an Octopode Gladiator on Jan 18, 2021.
             Was an Initiate of Gozag.
             Killed from afar by an orc wizard (7 damage)
             ... with a puff of flame
             ... on level 3 of the Dungeon.
             The game lasted 00:03:19 (4710 turns).

112233 the Twirler (Octopode Gladiator)             Turns: 4710, Time: 00:03:20

HP:   -2/38 (43)    AC:  1    Str: 15    XL:     6   Next: 77%
MP:   6/6           EV: 15    Int: 10    God:    Gozag
Gold: 218           SH:  0    Dex: 14    Spells: 5/5 levels left

rFire    . . .     SeeInvis .   a - +0 quarterstaff
rCold    . . .     Faith    .   (shield currently unavailable)
rNeg     . . .     Spirit   .   b - +0 hat
rPois    .         Reflect  .   (no amulet)
rElec    .         Harm     .   (no ring)
rCorr    .         Rampage  .   (no ring)
Will     .....                  (no ring)
Stlth    ++........             (no ring)
HPRegen  0.12/turn              (no ring)
MPRegen  0.10/turn              (no ring)
                                (no ring)
                                (no ring)

@: brilliant, heavily drained
A: almost no armour, stealthy swim, amphibious, 8 rings, constrict 8, camouflage
1, gelatinous body 1
a: Renounce Religion, Potion Petition, Call Merchant, Bribe Branch


You were on level 3 of the Dungeon.
You worshipped Gozag.
Gozag was aware of your devotion.
You visited 2 branches of the dungeon, and saw 5 of its levels.
You also visited: Ossuary.

You collected 307 gold pieces.
You paid 89 gold pieces to Gozag.

Inventory:

Hand Weapons
 a - a +0 quarterstaff (weapon)
Missiles
 c - 3 throwing nets (quivered) {!f}
 k - 15 poisoned darts
Armour
 b - a +0 hat (worn)
Jewellery
 m - a cursed amulet of inaccuracy {unknown}
 q - an uncursed amulet of the acrobat {unknown}
Wands
 j - a wand of enslavement (8)
Scrolls
 d - 3 scrolls of identify {unknown}
 e - 4 scrolls of fog {unknown}
 f - 2 scrolls of teleportation {unknown}
 h - 4 scrolls of enchant armour {unknown}
 i - a scroll of random uselessness {unknown}
 l - 4 scrolls of remove curse {unknown}
 p - a scroll of enchant weapon {unknown}
Potions
 n - 3 potions of brilliance
 o - 2 potions of flight


   Skills:
 + Level 3.8 Fighting
 * Level 5.6 Staves
 - Level 2.0 Throwing
 + Level 4.4 Dodging


You had 5 spell levels left.
You didn't know any spells.
Your spell library was empty.

Dungeon Overview and Level Annotations

Branches:
Dungeon (4/15)             Temple (1/1) D:4         Ossuary (visited)

Altars:
Ashenzari
Cheibriados
Dithmenos
Elyvilon
Fedhas
Gozag
Hepliaklqana
Makhleb
Nemelex Xobeh
Okawaru
Qazlal
Ru
Sif Muna
Trog
Uskayaw
Wu Jian
Xom
Zin
The Shining One


Innate Abilities, Weirdness & Mutations

You cannot wear most types of armour.
You are very stealthy in the water. (Stealth+)
You are amphibious.
You can wear up to eight rings at the same time.
You can use your tentacles to constrict eight enemies at once.
Your skin changes colour to match your surroundings (Stealth+).
Your rubbery body absorbs attacks. (AC +1, EV +1)


Message History

There are monsters nearby!
Unknown command.
There are monsters nearby!
Unknown command.
Unknown command.
You feel less confused.
You hear some strange, mumbled words.
Something tries to affect you, but you resist.
Unknown command.
There are monsters nearby!
Unknown command.
Found 11 gold pieces.
A magic dart appears from out of thin air!
The magic dart hits you.
* * * LOW HITPOINT WARNING * * *
Found 7 gold pieces.
A puff of flame appears from out of thin air!
The puff of flame hits you!
You die...
Your body crumbles into a pile of gold.

#######.######.#####
#..........o$........#
#.#####.######.....=$#
#o# #.......# #.#
#.......# #.#
#..$....#
#o######.......#
#..o...........#
#...{...@..#
#..........#
..............#
####.......####
#.......# #.......#
#.......# #########


You could see an orc priest and an orc.

Vanquished Creatures
  2 water moccasin zombies (Ossuary)
  A howler monkey (D:3)
  A worker ant (D:4)
  A big kobold zombie (Ossuary)
  2 mummies (Ossuary)
  Robin (D:2)
  5 adders
  6 adder zombies (Ossuary)
  2 worms
  A leopard gecko (D:2)
  3 orcs
  A giant cockroach (D:2)
  11 goblins
  9 hobgoblins
  10 jackals
  3 quokkas
  6 frilled lizards
  4 gnoll zombies (Ossuary)
  5 hobgoblin zombies (Ossuary)
  7 kobolds
  3 kobold zombies (Ossuary)
  4 orc zombies (Ossuary)
  5 rats
93 creatures vanquished.

Vanquished Creatures (others)
  4 toadstools (D:2)
4 creatures vanquished.

Grand Total: 97 creatures vanquished

Notes
Turn   | Place    | Note
-------+----------+-------------------------------------------
     0 | D:1      | 112233 the Octopode Gladiator began the quest for the Orb.
     0 | D:1      | Reached XP level 1. HP: 14/14 MP: 1/1
   237 | D:1      | Reached XP level 2. HP: 15/19 MP: 2/2
   774 | D:2      | Found an ornate altar of the Wu Jian Council.
   908 | D:2      | Reached XP level 3. HP: 25/25 MP: 3/3
   981 | D:2      | Noticed Robin
  1321 | D:2      | Killed Robin
  1528 | D:2      | Reached XP level 4. HP: 30/30 MP: 4/4
  1633 | D:2      | Reached skill level 4 in Staves
  2073 | D:4      | Found a sand-covered staircase.
  2078 | Ossuary  | Entered an ossuary
  2188 | Ossuary  | Reached XP level 5. HP: 13/36 MP: 5/5
  2460 | Ossuary  | Reached skill level 5 in Staves
  2460 | Ossuary  | Reached XP level 6. HP: 36/42 MP: 6/6
  2968 | D:4      | Found a staircase to the Ecumenical Temple.
  2974 | Temple   | Entered the Ecumenical Temple
  3557 | D:3      | Found a broken altar of Ashenzari.
  3558 | D:3      | Found an opulent altar of Gozag.
  3558 | D:3      | Found a shadowy altar of Dithmenos.
  3559 | D:3      | Found a hazy altar of Hepliaklqana.
  3587 | D:3      | Became a worshipper of Gozag Ym Sagoz the Greedy
  4710 | D:3      | Killed from afar by an orc wizard

Illustrated notes

Levels and vault maps discovered:
D:1:      minmay_arrival_hallway, layout_basic
D:2:      layout_basic, old_standard_altar, minmay_gold_behind_fungi, uniq_robin
D:3:      layout_basic, chequers_temple_overflow_statue_of_worship
D:4:      layout_cave_pods, minmay_temple_entry_fiery,
          nicolae_ossuary_entry_plus
Temple:   jpeg_temple_clearing

Skill      XL: |  1  2  3  4  5 |
---------------+----------------+-----
Staves         | 4 5 |  5.6
Fighting       | 3 |  3.8
Dodging        | 4 |  4.4
Throwing       | |  2.0

Action                   |  1- 3 |  4- 6 || total
-------------------------+-------+-------++-------
Melee: Quarterstaff      |    54 |   140 ||   194
       Tentacles         |     6 |    25 ||    31
       Constrict         |    12 |    47 ||    59
  Use: Potion            |       |     5 ||     5
 Stab: Sleeping          |     3 |     5 ||     8
Armor: Skin              |     7 |     3 ||    10
Dodge: Dodged            |    31 |    99 ||   130
